Map: Kairos Junction LE

Players

PappiJoe - Winner!

  • Race: Protoss Protoss
  • Spawn Location: 5:00

Wanderer

  • Race: Terran Terran
  • Spawn Location: 11:00

Event: 2019 WCS Summer

VOD

Have the link to the VOD?

Description

Time

  • Played on: July 12, 2019, 10:27 a.m.
  • Length: 19:00

All games in this series

Show
View Real Time Build Order
Export as new Build Order

PappiJoe Protoss - Winner!

Build Orders: 1 Gate Expand, Colossus Rush 

Get SALT Encoding   

  12  0:00  Probe  
  13  0:13  Probe  
  14  0:17  Pylon  
  14  0:25  Probe  
  15  0:34  Probe  
  15  0:35  Gateway  
  15  0:42  Probe  
  16  0:48  Assimilator  
  17  0:52  Probe  
  18  1:04  Probe  
  19  1:18  Probe  
  19  1:24  Cybernetics Core  
  20  1:36  Nexus  
  20  1:37  Probe  
  21  1:45  Assimilator  
  21  1:48  Pylon  
  21  1:52  Probe  
  22  1:56  Adept  
  22  2:05  Probe  
  22  2:06  Warp Gate  
  25  2:15  Probe  
  26  2:25  Probe  
  26  2:26  Stalker  
  29  2:34  Probe  
  30  2:46  Probe  
  30  2:50  Robotics Facility  
  31  2:51  Probe  
  33  2:58  Stalker, Probe  
  33  2:59  Probe  
  36  3:07  Probe  
  36  3:10  Probe  
  38  3:15  Gateway  
  38  3:17  Gateway  
  38  3:18  Probe  
  39  3:24  Probe  
  39  3:31  Probe  
  39  3:33  Observer  
  39  3:37  Probe  
  41  3:42  Probe  
  41  3:45  Robotics Bay  
  42  3:49  Observer, Probe, Pylon  
  42  3:50  Probe  
  42  3:53  Assimilator  
  45  4:01  Probe  
  46  4:04  Immortal  
  46  4:05  Probe  
  46  4:06  Assimilator  
  46  4:07  Pylon  
  47  4:13  Probe  
  52  4:17  Probe  
  52  4:22  Pylon  
  53  4:25  Probe  
  53  4:29  Probe  
  55  4:32  Colossus  
  55  4:37  Probe  
  56  4:41  Probe  
  63  4:50  Nexus  
  63  4:51  Probe  
  64  4:56  Probe  
  65  5:00  Twilight Council  
  65  5:03  Probe  
  65  5:06  Sentry  
  65  5:07  Pylon  
  68  5:09  Extended Thermal Lance  
  68  5:11  Probe  
  69  5:15  Probe  
  69  5:16  Colossus  
  70  5:25  Probe  
  77  5:29  Probe  
  77  5:32  Pylon  
  78  5:36  Charge  
  78  5:38  Forge  
  78  5:45  Pylon  
  78  5:50  Probe x2  
  78  5:51  Sentry, Pylon  
  78  5:53  Sentry  
  84  6:02  Probe  
  84  6:03  Gateway x2  
  84  6:04  Probe  
  86  6:06  Probe, Colossus  
  87  6:14  Probe  
  93  6:22  Stalker  
  93  6:26  Probe  
  93  6:30  Probe  
  95  6:34  Gateway  
  95  6:35  Gateway  
  95  6:40  Gateway, Protoss Ground Weapons Level 1  
  95  6:44  Gateway  
  95  6:47  Probe, Gateway  
  95  6:48  Probe  
  95  6:51  Warp Prism  
  97  6:54  Probe, Pylon  
  97  6:57  Pylon  
  97  6:59  Probe  
  99  7:03  Probe  
  99  7:05  Pylon  
  102  7:09  Blink  
  102  7:11  Probe  
  102  7:13  Assimilator  
  102  7:15  Assimilator  
  103  7:18  Templar Archives  
  103  7:20  Zealot x2  
  107  7:28  Zealot x3  
  112  7:40  Immortal  
  114  7:45  Stalker x2  
  114  7:46  Stalker x2  
  118  7:51  Zealot x2  
  103  8:12  Zealot x6  
  97  8:13  Zealot x2  
  97  8:15  Protoss Ground Armor Level 1  
  97  8:17  Colossus  
  103  8:26  Probe x2  
  111  8:30  Probe  
  112  8:39  High Templar x2  
  112  8:40  High Templar x2  
  120  8:45  Archon  
  120  8:46  Forge, Archon, Zealot x3  
  118  8:50  Zealot x2  
  122  9:02  Warp Prism  
  124  9:19  High Templar x4  
  124  9:20  Stalker x2, Zealot x2  
  124  9:23  Nexus  
  140  9:25  Archon x2, Pylon  
  140  9:36  Pylon  
  140  9:39  Pylon  
  140  9:43  Probe  
  140  9:44  Probe x2  
  143  9:51  Stalker  
  143  9:52  Stalker x3  
  149  9:56  Probe, Pylon  
  150  10:07  High Templar  
  150  10:08  High Templar  
  150  10:12  Zealot, Archon  
  150  10:13  Zealot x3  
  146  10:28  Zealot x2  
  104  10:51  Zealot x2  
  108  10:57  Gateway  
  108  11:00  Gateway  
  108  11:02  Gateway  
  93  11:05  Gateway  
  67  11:13  Zealot  
  67  11:14  Zealot  
  62  11:41  Probe x2  
  62  11:44  Gateway  
  62  11:45  Gateway  
  63  11:47  Gateway  
  63  11:49  Cybernetics Core  
  62  12:01  Pylon  
  62  12:12  Pylon  
  62  12:16  Pylon x2  
  62  12:17  Pylon  
  62  12:18  Pylon  
  50  12:39  Stalker x2  
  54  12:45  Stalker x3  
  60  12:58  Assimilator  
  60  13:02  Zealot x2  
  64  13:06  Assimilator  
  64  13:13  Stalker x3  
  63  13:46  Stalker  
  63  13:47  Stalker x2  
  69  14:03  Twilight Council  
  69  14:10  Nexus  
  69  14:57  Probe  
  70  15:05  Stalker x2  
  70  15:06  Stalker  
  76  15:09  Probe  
  75  15:21  Probe  
  76  15:41  Stalker x2, Zealot  
  82  15:43  Probe x2  
  84  15:55  Probe  
  85  16:01  Probe  
  86  16:07  Probe  
  87  16:13  Probe  
  84  16:19  Probe  
  84  16:25  Probe  
  84  16:28  Zealot  
  84  16:29  Zealot x2  
  88  16:41  Pylon  
  88  16:44  Templar Archives  
  88  16:53  Pylon  
  80  16:59  Pylon  
  80  17:00  Pylon  
  80  17:02  Stalker x3  
  80  17:07  Probe x2  
  84  17:19  Probe x2  
  84  17:21  Gateway  
  86  17:22  Gateway  
  86  17:27  High Templar x2  
  90  17:31  Probe x2  
  90  17:32  Archon  
  92  17:43  Probe x2  
  94  17:48  Stalker  
Show
View Real Time Build Order
Export as new Build Order

Wanderer Terran 

Build Orders:  

Get SALT Encoding   

  12  0:00  SCV  
  13  0:12  SCV  
  14  0:16  Supply Depot  
  14  0:24  SCV  
  15  0:38  SCV  
  15  0:39  Barracks  
  16  0:43  Refinery  
  16  0:50  SCV  
  17  1:02  SCV  
  18  1:14  SCV  
  19  1:26  SCV  
  19  1:31  Reaper  
  21  1:38  Command Center  
  21  1:48  Orbital Command  
  21  1:57  Bunker  
  21  2:04  Barracks Reactor  
  21  2:08  Supply Depot  
  21  2:15  SCV  
  22  2:18  Refinery  
  22  2:28  SCV  
  23  2:40  SCV  
  24  2:47  Marine x2  
  26  2:52  SCV  
  26  2:53  Orbital Command  
  26  2:55  Factory  
  27  3:04  SCV  
  27  3:05  Marine x2  
  30  3:13  Orbital Command  
  30  3:16  SCV  
  31  3:22  Marine  
  31  3:23  Marine  
  33  3:28  SCV  
  34  3:40  SCV  
  34  3:42  Factory Tech Lab, Marine x2  
  34  3:45  Starport  
  36  3:50  SCV  
  36  3:52  SCV  
  38  3:57  Barracks  
  38  4:02  Barracks, Marine x2, SCV, Supply Depot  
  39  4:08  Siege Tank  
  44  4:11  SCV  
  44  4:16  SCV  
  46  4:18  Supply Depot  
  46  4:24  Viking  
  46  4:28  SCV x2  
  46  4:30  Supply Depot  
  50  4:37  Marine  
  50  4:38  Marine, Liberator  
  52  4:41  Siege Tank  
  52  4:43  SCV x2  
  57  4:49  Supply Depot  
  57  4:51  Barracks Tech Lab x2  
  57  4:55  SCV x2  
  57  4:56  Marine x2  
  64  5:02  Engineering Bay  
  64  5:03  Refinery  
  64  5:07  SCV  
  64  5:11  Stimpack, Supply Depot  
  65  5:14  Combat Shield, Marine x2  
  65  5:17  SCV  
  65  5:21  SCV  
  69  5:23  Marine  
  70  5:29  SCV  
  70  5:33  SCV  
  72  5:38  Marauder  
  72  5:41  SCV  
  72  5:42  Supply Depot  
  75  5:45  Refinery, SCV  
  75  5:48  Command Center  
  76  5:51  Raven  
  76  5:53  Marine x3  
  76  5:55  Factory Reactor  
  81  5:57  SCV  
  81  5:59  Marine  
  83  6:06  Supply Depot  
  83  6:09  Terran Infantry Weapons Level 1  
  83  6:10  Marine x2, SCV  
  83  6:11  Marine  
  87  6:12  Supply Depot  
  87  6:18  SCV  
  88  6:19  Marauder  
  90  6:28  Marine  
  90  6:31  Marauder  
  90  6:32  Barracks x2  
  97  6:41  SCV x2  
  97  6:43  Supply Depot  
  97  6:44  Marine, Supply Depot  
  97  6:45  Marauder  
  98  6:49  Siege Tank  
  98  6:50  Medivac x2  
  105  6:56  Concussive Shells  
  105  6:58  Marine, Marauder  
  108  7:03  Orbital Command  
  108  7:04  Marine  
  108  7:06  Marauder  
  111  7:17  Marine  
  111  7:18  SCV x2  
  111  7:19  Marauder  
  111  7:21  Supply Depot  
  111  7:22  Supply Depot  
  116  7:24  Orbital Command  
  116  7:27  Barracks Reactor, Barracks Tech Lab  
  117  7:30  SCV x2  
  117  7:34  Marauder, Marine  
  121  7:41  Medivac x2  
  121  7:43  Siege Tank  
  128  7:48  Marine  
  128  7:49  Marauder  
  121  8:11  Marine x5  
  121  8:12  Marauder x2, SCV  
  111  8:13  SCV x2  
  111  8:15  Widow Mine  
  113  8:25  SCV x3  
  113  8:26  Medivac  
  113  8:27  Medivac  
  117  8:29  Marine  
  117  8:30  Marauder  
  117  8:33  Marauder  
  116  8:34  Marine x3  
  116  8:37  SCV x3  
  116  8:39  Siege Tank, Marine  
  126  8:42  Terran Infantry Armor Level 1  
  126  8:47  Marine  
  125  8:51  Marauder  
  125  8:54  Marauder, Marine x3  
  132  8:57  Armory, SCV x3  
  132  8:58  Engineering Bay  
  135  9:06  Bunker  
  135  9:08  Bunker  
  135  9:09  Marine x2, SCV  
  136  9:13  Marauder  
  137  9:17  Marine x3  
  137  9:18  Marauder  
  145  9:25  Bunker  
  145  9:26  Marine  
  145  9:27  Marauder  
  145  9:31  Viking x2  
  152  9:33  Marine  
  152  9:34  Supply Depot  
  152  9:35  Marine x2, Starport  
  152  9:42  Marine x2  
  152  9:43  Liberator  
  152  9:44  Marine  
  155  9:46  Liberator  
  155  9:48  Marauder  
  157  9:56  Marine  
  158  10:01  Marauder  
  164  10:12  Viking  
  162  10:16  SCV  
  142  10:25  Marine  
  142  10:26  Marauder, Marine x3  
  108  10:43  Viking, Marine x2  
  108  10:44  Marauder x2  
  108  10:46  Viking  
  108  10:47  Marine  
  96  11:05  Orbital Command  
  96  11:09  Marine  
  96  11:10  Marine  
  85  11:13  Viking  
  76  11:31  Bunker  
  76  11:32  Bunker  
  69  11:33  Barracks  
  69  11:34  Supply Depot  
  69  11:35  Barracks  
  69  11:38  Barracks  
  69  11:56  SCV  
  69  11:59  Starport Reactor  
  70  12:14  Orbital Command, Marine x4  
  73  12:24  Orbital Command, Marine x2  
  73  12:25  Marine  
  64  12:32  Marine x4  
  65  12:42  Marine x2  
  65  12:43  Orbital Command, Marine  
  68  12:50  Marine x3  
  70  13:07  Marine  
  69  13:13  Marine x2  
  70  13:25  Marine  
  70  13:26  Medivac  
  73  13:27  SCV  
  73  13:31  Refinery x2  
  69  13:38  Marine x2  
  69  13:43  Marine  
  53  13:56  Marine x2  
  53  13:57  Marine, SCV  
  53  13:58  SCV  
  53  14:01  Marine x2  
  61  14:10  SCV x2  
  61  14:12  Barracks  
  61  14:14  Marine x2  
  61  14:15  Marine  
  65  14:18  Barracks  
  65  14:19  Marine x2  
  65  14:22  SCV  
  67  14:33  Marine  
  67  14:34  SCV  
  68  14:46  SCV  
  68  14:48  Marine  
  68  14:50  Marine x3  
  70  15:17  Marine, SCV  
  70  15:24  Marine  
  70  15:25  Marine  
  70  15:26  SCV  
  64  15:32  Marine, Barracks Tech Lab  
  64  15:35  Marine  
  63  15:38  SCV  
  63  15:42  Marine  
  64  15:45  Barracks Tech Lab x2  
  64  15:49  Marine  
  65  15:50  Marine, SCV  
  65  15:56  Factory  
  58  16:02  SCV  
  59  16:04  Marine x2  
  59  16:05  Marauder x2  
  59  16:07  Marine  
  59  16:08  Marine  
  67  16:14  SCV  
  64  16:21  Orbital Command  
  64  16:22  Marine  
  59  16:29  Marine x4  
  56  16:57  Marine, Marauder x2  
  54  17:08  SCV  
  54  17:10  SCV  
  54  17:20  SCV  
  54  17:22  SCV  
  56  17:23  Marauder  
  56  17:28  Factory Tech Lab  
  58  17:33  SCV  
  58  17:34  SCV  
  60  17:41  Marauder, Marine  
  60  17:45  SCV  
  60  17:46  SCV  
  57  17:57  SCV  
  57  17:58  SCV  
Tags
 
Add a new tag
Caveats
  • Supply blocks, unpowered buildings, or Contaminate may cause inaccurate times.
  • Supply counts are checked every 10 seconds.